 Dungeon Crawl Stone Soup version 0.29-a0-330-g52719c12eb (webtiles) character file.

Game seed: 8254482593541165241

3212 Crownlay the Magician (level 9, 0/62 HPs)
             Began as an Octopode Transmuter on Apr 24, 2022.
             Was a Believer of Sif Muna.
             Shot with an arrow by a centaur (8 damage)
             ... on level 9 of the Dungeon.
             The game lasted 00:32:46 (11827 turns).

Crownlay the Magician (Octopode Transmuter)        Turns: 11827, Time: 00:32:47

Health: 0/62       AC:  2    Str:  9    XL:     9   Next: 97%
Magic:  18/19      EV: 19    Int: 25    God:    Sif Muna [**....]
Gold:   106        SH:  0    Dex: 18    Spells: 10/22 levels left

rFire   . . .      SeeInvis .     - Unarmed
rCold   . . .      Faith    .   (shield currently unavailable)
rNeg    . . .      Spirit   .   (helmet currently unavailable)
rPois   x          Reflect  .   s - amulet of regeneration
rElec   .          Harm     .   q - +6 ring of intelligence
rCorr   .          Rampage  .   (no ring)
Will    .....                   (no ring)
Stlth   ++........              (no ring)
HPRegen 1.00/turn               (no ring)
MPRegen 0.16/turn               (no ring)
                                (no ring)
                                (no ring)

@: spider-form
A: venomous fangs, almost no armour, (amphibious), 8 rings, tiny, (camouflage
1), (gelatinous body 1), (nimble swimmer 1), (tentacles)
a: End Transformation, Renounce Religion, Channel Magic


You were on level 9 of the Dungeon.
You worshipped Sif Muna.
Sif Muna was pleased with you.
You were a venomous arachnid creature.
You visited 2 branches of the dungeon, and saw 11 of its levels.

You collected 466 gold pieces.
You spent 360 gold pieces at shops.

Inventory:

Missiles
 w - 2 boomerangs of dispersal
Armour
 e - a +0 tower shield
Jewellery
 q - a +6 ring of intelligence (left front leg)
 s - an amulet of regeneration (around neck)
Wands
 c - a wand of paralysis (8)
 i - a wand of iceblast (26)
 j - a wand of acid (15)
 o - a wand of mindburst (10)
 x - a wand of flame (3)
Scrolls
 d - 2 scrolls of enchant armour
 f - a scroll of torment
 g - a scroll of amnesia {unknown}
 k - 3 scrolls of magic mapping
 l - a scroll of brand weapon
 t - a scroll of fog
 u - 2 scrolls of fear {unknown}
Potions
 a - 2 potions of lignification
 b - 2 potions of curing
 h - a potion of resistance
 m - 2 potions of mutation
 n - a potion of haste {unknown}
 p - 2 potions of berserk rage {unknown}
 r - a potion of invisibility {unknown}
 v - 2 potions of might {unknown}


   Skills:
 - Level 6.0 Fighting
 - Level 2.0 Dodging
 - Level 1.2 Shields
 - Level 5.0 Unarmed Combat
 * Level 7.3 Spellcasting
 + Level 6.4 Transmutations
 + Level 5.8 Earth Magic


You had 10 spell levels left.
You knew the following spells:

 Your Spells              Type           Power      Damage    Failure   Level
a - Beastly Appendage     Tmut           82%        N/A       3%          1
b - Wereblood             Tmut           41%        N/A       4%          2
c - Spider Form           Tmut/Pois      25%        N/A       16%         3
d - Statue Form           Tmut/Erth      26%        N/A       82%         6

Your spell library contained the following spells:

 Spells                   Type           Power      Damage    Failure   Level
 Sandblast                Erth           76%        2d16      4%          1
 Passwall                 Tmut/Erth      32%        N/A       4%          2
 Stone Arrow              Conj/Erth      46%        3d9       17%         3
 Magic Dart               Conj           36%        1d4       19%         1
 Ignite Poison            Fire/Tmut/Pois 19%        N/A       22%         3
 Call Imp                 Summ           9%         N/A       24%         2
 Ice Form                 Ice/Tmut       25%        N/A       36%         4
 Lee's Rapid Deconstruct  Erth           19%        3d12*     36%         5
 Call Canine Familiar     Summ           9%         N/A       41%         3
 Gell's Gravitas          Tloc           9%         N/A       41%         3
 Lesser Beckoning         Tloc           9%         N/A       41%         3
 Mephitic Cloud           Conj/Pois/Air  9%         N/A       41%         3
 Portal Projectile        Hex/Tloc       18%        N/A       41%         3
 Teleport Other           Tloc           9%         N/A       41%         3
 Leda's Liquefaction      Hex/Erth       11%        N/A       41%         4
 Fulminant Prism          Conj/Hex       4%         3d6       75%         4
 Iskenderun's Mystic Bla  Conj/Tloc      9%         2d4       75%         4
 Fireball                 Conj/Fire      4%         3d4       96%         5
 Freezing Cloud           Conj/Ice/Air   4%         6-21      96%         5
 Iskenderun's Battlesphe  Conj           9%         2d6       96%         5
 Conjure Ball Lightning   Conj/Air       4%         3x3d6     100%        6
 Orb of Destruction       Conj           4%         9d5       100%        7


Dungeon Overview and Level Annotations

Branches:
Dungeon (10/15)            Temple (1/1) D:4
   Lair: D:8-11         Orc: D:9-12

Altars:
Ashenzari
Cheibriados
Dithmenos
Elyvilon
Fedhas
Gozag
Hepliaklqana
Kikubaaqudgha
Makhleb
Okawaru
Qazlal
Ru
Sif Muna
Uskayaw
Wu Jian
Xom
Yredelemnul

Shops:
D:3 :

Annotations:
D:8 Joseph, Psyche


Innate Abilities, Weirdness & Mutations

You are a venomous arachnid creature.
You have poisonous fangs.
You are tiny and dextrous.
Your spellcasting is less reliable in this form.
Your armour is entirely melded.
You are incapable of wielding weapons or throwing items.
You cannot wear most types of armour.
((You are amphibious.))
You can wear up to eight rings at the same time.
((Your skin changes colour to match your surroundings (Stealth+).))
((Your rubbery body absorbs attacks. (AC +1, EV +1)))
((You are camouflaged when in or above water. (Stealth+)))
((You have tentacles for arms and can constrict up to eight enemies at once.))


Message History

A gnoll sergeant comes into view. It is wielding a +2 spear of freezing.
The centaur shoots an arrow.
The arrow barely misses you.
A gnoll comes into view. It is wielding a +0 whip.
The centaur shoots an arrow.
The arrow hits you!
You are too injured to fight recklessly!
You are too injured to fight recklessly!
You are too injured to fight recklessly!
You are too injured to fight recklessly!
You are too injured to fight recklessly!
As you read the scroll of fog, it crumbles to dust.
The scroll dissolves into smoke.
The centaur shoots an arrow.
The arrow hits you!
* * * LOW HITPOINT WARNING * * *
A gnoll comes into view. It is wielding a +0 club.
The gnoll sergeant shouts!
The centaur shoots an arrow.
The arrow completely misses you.
Okay, then.
You feel better.
You hit the centaur but do no damage.
The centaur is poisoned.
The centaur unwields a +0 shortbow.
The centaur barely misses you. x3
The centaur kicks you but does no damage.
You bite the centaur!
The centaur looks as sick as possible!
The centaur is moderately wounded.
The centaur misses you. The centaur barely misses you.
The gnoll closely misses you.
You hit the centaur.
The centaur looks as sick as possible!
The centaur is severely wounded.
The centaur closely misses you. x2; The gnoll completely misses you.
The gnoll sergeant hits you from afar with a +2 spear of freezing!
* * * LOW HITPOINT WARNING * * *
The gnoll sergeant freezes you.
* * * LOW HITPOINT WARNING * * *
The centaur attacks as you move away! The centaur hits you.
* * * LOW HITPOINT WARNING * * *
The centaur completely misses you. The gnoll attacks as you move away!
The gnoll closely misses you.
The centaur wields a +0 shortbow.
The centaur shoots an arrow.
The arrow completely misses you.
You hear a shout!
The centaur shoots an arrow.
The arrow hits you!
You die...

#......#
#.####.#
#......#
#......#
#......#
#......#
#......#
#.#§§..#
#§§§§s.#
#§§§§###
#§§§c#
#§§§g#
#§§g§§.....
#.§§§#♣♣.♣♣
#..g.#
#....#
#.g...


You could see a centaur (extremely poisoned).

Vanquished Creatures
  2 yaks (D:8)
  A water moccasin (D:8)
  4 sky beasts
  An ogre (D:5)
  3 black bears
  2 centaurs
  A phantom (D:5)
  2 kobold brigands (D:8)
  6 bullfrogs
  2 necrophages (D:5)
  3 scorpions
  2 jellies
  5 wights
  2 howler monkeys
  4 orc priests
  2 hounds
  2 gnoll shamans
  2 iguanas
  An orc wizard (D:6)
  Robin (D:4)
  8 gnolls
  8 adders
  4 white imps
  An ufetubus (D:4)
  5 worms
  A dart slug (D:3)
  11 orcs
  3 bats
  2 endoplasms
  3 giant cockroaches
  9 goblins
  12 hobgoblins
  6 jackals
  4 quokkas
  8 ball pythons
  2 frilled lizards (D:1)
  16 kobolds
  5 rats
156 creatures vanquished.

Vanquished Creatures (others)
  2 orc warriors (D:8)
  A bullfrog (D:8)
3 creatures vanquished.

Grand Total: 159 creatures vanquished

Notes
Turn   | Place    | Note
-------+----------+-------------------------------------------
     0 | D:1      | Crownlay the Octopode Transmuter began the quest for the
                  | Orb.
     0 | D:1      | Reached XP level 1. HP: 13/13 MP: 3/3
   284 | D:1      | Reached XP level 2. HP: 17/18 MP: 5/5
   597 | D:1      | Learned a level 2 spell: Wereblood
   953 | D:2      | Reached XP level 3. HP: 24/24 MP: 4/6
   957 | D:2      | Learned a level 3 spell: Spider Form
  1581 | D:2      | Reached XP level 4. HP: 25/29 MP: 6/8
  1693 | D:2      | Found a faded altar of an unknown god.
  1926 | D:3      | Noticed a centaur
  2055 | D:3      | Found a stormy altar of Qazlal.
  2228 | D:3      | Found a blossoming altar of Fedhas.
  2476 | D:3      | Found Ifajoni's Book Shop.
  2844 | D:3      | Killed a centaur
  2845 | D:3      | Reached skill level 1 in Shields
  2845 | D:3      | Reached skill level 3 in Spellcasting
  2845 | D:3      | Reached XP level 5. HP: 11/35 MP: 6/9
  3295 | D:4      | Reached skill level 1 in Earth Magic
  3538 | D:4      | Reached XP level 6. HP: 41/42 MP: 9/11
  3713 | D:4      | Found a staircase to the Ecumenical Temple.
  3726 | Temple   | Entered the Ecumenical Temple
  3778 | Temple   | Became a worshipper of Sif Muna the Loreminder
  3820 | D:4      | Noticed Robin
  4021 | D:4      | Killed Robin
  4324 | D:5      | Entered Level 5 of the Dungeon
  4542 | D:5      | Noticed a sky beast
  4664 | D:5      | Reached XP level 7. HP: 40/47 MP: 10/12
  5614 | D:5      | Identified the +2 robe of Elyvilon's Pride {rElec rCorr
                  | Stlth-}
  5919 | D:5      | Reached skill level 4 in Spellcasting
  6108 | D:5      | Reached * piety under Sif Muna
  6109 | D:5      | Reached skill level 5 in Unarmed Combat
  6109 | D:5      | Reached XP level 8. HP: 51/54 MP: 11/14
  6490 | D:6      | Reached skill level 5 in Fighting
  6632 | D:6      | Found a broken altar of Ashenzari.
  7795 | D:6      | Reached skill level 5 in Spellcasting
  7972 | D:7      | Found an ancient bone altar of Kikubaaqudgha.
  7980 | D:7      | You fall into a shaft and drop 3 floors!
  7980 | D:10     | Entered Level 10 of the Dungeon
  7995 | D:9      | Noticed a death yak
  8195 | D:8      | Noticed a yak
  8210 | D:8      | Reached skill level 5 in Transmutations
  8481 | D:8      | Reached XP level 9. HP: 24/61 MP: 12/17
  8695 | D:8      | Found a shimmering altar of Xom.
  8739 | D:8      | HP: 1/61 [poisoned by a water moccasin]
  8989 | D:8      | Found a hazy altar of Hepliaklqana.
  9071 | D:8      | Found a basalt altar of Yredelemnul.
  9144 | D:8      | Found a white marble altar of Elyvilon.
  9235 | D:8      | Reached skill level 6 in Spellcasting
  9321 | D:7      | Reached ** piety under Sif Muna
  9737 | D:3      | Bought a book of the Earth for 360 gold pieces
  9744 | D:3      | Learned a level 6 spell: Statue Form
 10035 | D:7      | Reached skill level 5 in Earth Magic
 11231 | D:8      | Noticed Psyche
 11355 | D:8      | Noticed Joseph
 11390 | D:8      | Reached skill level 7 in Spellcasting
 11669 | D:9      | Noticed a death yak
 11672 | D:9      | Noticed a death yak
 11827 | D:9      | Shot with an arrow by a centaur

Illustrated notes

Levels and vault maps discovered:
D:1:      minmay_arrival_radiant_lines, layout_loops_cross,
          minmay_shallow_snake_nest
D:2:      layout_basic, ebering_ecumenical_altar_sacrificial,
          kennysheep_decorative_pillar, hangedman_decor_points,
          lemuel_flame_loot_1
D:3:      layout_basic, marbit_many_paths, grunt_qazlal_clouds, serial_shops,
          shop, kennysheep_crisscross
D:4:      layout_cave_pools, minmay_temple_entry_large_hall, dk_noncrumbling_4,
          uniq_robin
D:5:      layout_basic, minmay_diced_spiral
D:6:      layout_gridville, ashenzari_conservatory_becter
D:7:      layout_loops_cross, nicolae_kikubaaqudgha_miasma_corner
D:8:      minmay_weird_star, layout_basic, kennysheep_ying_yang,
          xom_confusion_cloud, mainiacjoe_overflow_paths, minmay_door_square,
          kennysheep_small_spiral, minmay_misc_feat_encased, uniq_joseph,
          uniq_psyche
D:9:      layout_stronghold, mainiacjoe_overflow_tiny_flanked,
          dpeg_lair_monsters, orc_0_dummy, minmay_tree_intersection
D:10:     layout_cave_pools, gammafunk_temple_overflow_statue
Temple:   jpeg_temple_clearing

Skill      XL: |  1  2  3  4  5  6  7  8  9 |
---------------+----------------------------+-----
Fighting       | 2 3 4 5 6 |  6.0
Shields        | 1 |  1.2
Spellcasting   | 3 4 5 7 |  7.3
Earth Magic    | 1 2 4 5 |  5.8
Transmutations | 3 5 6 |  6.4
Unarmed Combat | 4 5 |  5.0
Dodging        | |  2.0

Action                   |  1- 3 |  4- 6 |  7- 9 || total
-------------------------+-------+-------+-------++-------
Melee: Unarmed           |    76 |   138 |   335 ||   549
       Constrict         |    23 |    34 |     6 ||    63
       Kick              |    16 |    28 |    15 ||    59
       Tentacles         |    12 |    36 |     9 ||    57
       Punch             |     1 |     8 |     4 ||    13
 Cast: Beastly Appendage |    20 |    23 |     8 ||    51
       Wereblood         |     1 |     1 |     4 ||     6
       Spider Form       |       |     2 |    39 ||    41
  Use: Scroll            |       |     8 |     6 ||    14
       Potion            |       |     2 |     4 ||     6
 Stab: Sleeping          |     5 |     3 |     3 ||    11
Armor: Skin              |     5 |    10 |    13 ||    28
Dodge: Dodged            |    40 |   118 |   266 ||   424

Table legend: (Time is in decaauts)
 A = Elapsed time spent in this place.
 B = Non-inter-level travel time spent in this place.
 C = Inter-level travel time spent in this place.
 D = Time resting spent in this place.
 E = Time spent auto-exploring this place.
 F = Levels seen in this place.
 G = Mean time per level.
                   A        B        C        D        E       F      G
               +--------+--------+--------+--------+--------+-----+--------+
         Total |  11792 |  11315 |    477 |   1681 |   6863 |  11 | 1072.0 |
       Dungeon |  11724 |  11261 |    463 |   1681 |   6825 |  10 | 1172.4 |
        Temple |     67 |     53 |     14 |      0 |     38 |   1 |   67.0 |
               +--------+--------+--------+--------+--------+-----+--------+

Top non-repeatable levels by time:
     D:6: 1952 daAuts
     D:5: 1764 daAuts
     D:8: 1755 daAuts
     D:7: 1497 daAuts
     D:3: 1341 daAuts
     D:4: 1141 daAuts
     D:2: 1045 daAuts
     D:1: 888 daAuts
     D:9: 336 daAuts
  Temple: 67 daAuts
    D:10: 2 daAuts
